 Dungeon Sprint DCSS version 0.17-a0-2101-g0c122e7 (webtiles) character file.

24 tp1 the Magician (level 2, -1/15 HPs)
             Began as a Deep Elf Conjurer on Oct 18, 2015.
             Slain by a crocodile (16 damage)
             ... in the Dungeon (Sprint II: "The Violet Keep of Menkaure").
             The game lasted 00:01:57 (170 turns).

tp1 the Magician (Deep Elf Conjurer)                 Turns: 170, Time: 00:01:57

Health: -1/15      AC:  2    Str:  5    XL:     2   Next: 79%
Magic:  9/11       EV: 13    Int: 19    God:
Gold:   243        SH:  0    Dex: 15    Spells: 1 memorised, 12 levels left

rFire  . . .     SeeInvis .     (no weapon)
rCold  . . .     Clarity  .     a - +0 robe
rNeg   . . .     SustAt   .     (no shield)
rPois  .         Gourm    .     (no helmet)
rElec  .         Spirit   .     (no cloak)
rCorr  .         Warding  .     (no gloves)
rMut   .         NoTele   +     (no boots)
MR     .....                    (no amulet)
Stlth  +.........               (no ring)
                                (no ring)

@: not resistant to hostile enchantments, very unstealthy
A: no striking features
a: no special abilities


You were in the Dungeon.
You were not hungry.

You visited 1 branch You collected 243 gold pieces.

Inventory:

Armour
 a - a +0 robe (worn)
Scrolls
 i - a scroll of blinking
Potions
 d - a potion of curing
 e - a potion of heal wounds
 f - a potion of haste
 g - 2 potions of magic
Books
 b - a book of Conjurations

   Spells                             Type                      Level
   a - Magic Dart                     Conjuration                  1
   b - Searing Ray                    Conjuration                  2
   c - Dazzling Spray                 Conjuration/Hexes            3
   d - Fulminant Prism                Conjuration/Hexes            4
   e - Iskenderun's Mystic Blast      Conjuration                  4
   f - Iskenderun's Battlesphere      Conjuration/Charms           5
Comestibles
 c - a bread ration
 h - 5 chunks of flesh


   Skills:
 - Level 3.0 Dodging
 - Level 2.6 Stealth
 + Level 6.2 Spellcasting
 - Level 5.7 Conjurations


You had 12 spell levels left.
You knew the following spells:

 Your Spells              Type           Power        Failure   Level  Hunger
a - Magic Dart            Conj           ####         1%          1    None


Dungeon Overview and Level Annotations

Branches:
Dungeon (1/1)

Altars:

Shops:
D !=*=*:%=[%!}


Message History

Found 81 gold pieces.
Found four shops.
Found Pewimicw's Jewellery Shoppe.
You open the door. 2 boulder beetles come into view.
Found 243 gold pieces.
A crocodile comes into view.
The boulder beetle twitches its antennae in your direction.
Casting: Magic Dart
Confirm with . or Enter, or press ? or * to list all spells.
Aiming: Magic Dart
Press: ? - help, Shift-Dir - straight line, f - boulder beetle
Aim: a boulder beetle
Okay, then.
The boulder beetle curls into a ball and starts rolling!
The boulder beetle screeches to a halt.
The boulder beetle closely misses you. The crocodile closely misses you.
The boulder beetle waves its antennae.
The crocodile bites you!
Ouch! That really hurt!
You die...

.∩....#≈≈≈≈. ∩.∩...#≈≈≈≈
.∩.∩..#≈≈≈ ..∩.⌠.#≈≈ ##
.∩.∩..#≈##.###+#
∩.∩...#≈#$B.##.## #
.∩....+B§# +.<.+ .#
∩.....#t#§..##.## ...
▓▓▓▓###@##.###'## #...
$######≈≈#####..####≈≈..
Y ##≈≈≈#.##..#≈≈≈≈§≈
#+#≈##.#.##≈≈≈≈≈§
#≈≈##'##≈≈≈≈≈§≈
##≈≈≈≈≈≈≈≈≈≈≈≈≈
#+++#+++#≈≈≈≈≈ §;;;;
#≈≈≈# §≈§§;§§≈§ #≈≈#


You could see a boulder beetle and a crocodile.

Vanquished Creatures
  Menkaure (D)
  3 worms (D)
4 creatures vanquished.

Vanquished Creatures (others)
  A crocodile (D)
1 creature vanquished.

Grand Total: 5 creatures vanquished

Notes
Turn   | Place    | Note
--------------------------------------------------------------
     0 | D        | tp1 the Deep Elf Conjurer began the quest for the Orb.
     0 | D        | Reached XP level 1. HP: 10/10 MP: 6/6
     8 | D        | Reached skill level 5 in Conjurations
    23 | D        | Noticed an electric eel
    23 | D        | Noticed an electric eel
    23 | D        | Noticed an electric eel
    24 | D        | Noticed an electric eel
    24 | D        | Noticed an electric eel
    30 | D        | Killed a crocodile
   103 | D        | Noticed Menkaure
   103 | D        | Killed Menkaure
   103 | D        | Reached skill level 5 in Spellcasting
   103 | D        | Reached XP level 2. HP: 13/15 MP: 5/10
   143 | D        | Reached skill level 6 in Spellcasting
   148 | D        | Noticed an electric eel
   149 | D        | Noticed an electric eel
   157 | D        | Noticed an electric eel
   157 | D        | Noticed an electric eel
   160 | D        | Found Jeulaohisa's Gadget Emporium.
   161 | D        | Found Nerueppu's Food Emporium.
   161 | D        | Found Sior's Antique Armour Shoppe.
   162 | D        | Found Nycaud's Food Emporium.
   162 | D        | Found Nesuga's Book Shoppe.
   162 | D        | Found Wiheih's Distillery.
   162 | D        | Found Caebelou's Assorted Antiques.
   163 | D        | Found Suuhoda's General Store.
   163 | D        | Found Newkialead's Jewellery Shoppe.
   163 | D        | Found Umuphoph's Jewellery Emporium.
   163 | D        | Found Agir's Distillery.
   164 | D        | Found Pewimicw's Jewellery Shoppe.
   166 | D        | Noticed a boulder beetle
   166 | D        | Noticed a boulder beetle
   167 | D        | Noticed a crocodile
   167 | D        | Noticed a death yak
   170 | D        | Slain by a crocodile

Vault maps used:
D:        the_violet_keep_of_menkaure

Action                   || total
-------------------------++-------
Melee: Unarmed           ||     5
 Cast: Magic Dart        ||     7
  Use: Potion            ||     1
